 Dungeon Crawl Stone Soup version 0.29-a0-322-g68df515428 (webtiles) character file.

Game seed: 2386012508879241773

330 Juicyj the Ducker (level 6, -3/51 HPs)
             Began as a Gnoll Gladiator on Apr 8, 2022.
             Was an Initiate of Ashenzari.
             Slain by Edmund
             ... wielding a +2 flail of holy wrath
              (8 damage)
             ... on level 5 of the Dungeon.
             The game lasted 00:07:10 (2766 turns).

Juicyj the Ducker (Gnoll Gladiator)                 Turns: 2766, Time: 00:07:10

Health: -3/51      AC: 10    Str: 13    XL:     6   Next: 51%
Magic:  9/9        EV:  8    Int:  8    God:    Ashenzari [......]
Gold:   215        SH:  0    Dex: 15    Spells: 9/9 levels left

rFire   . . .      SeeInvis .   v - +2 dagger (flame)
rCold   . . .      Faith    .   (no shield)
rNeg    . . .      Spirit   .   j - +0 chain mail
rPois   .          Reflect  .   c - +0 helmet
rElec   .          Harm     .   (no cloak)
rCorr   .          Rampage  .   (no gloves)
Will    .....                   w - +0 pair of boots
Stlth   ..........              (no amulet)
HPRegen 0.17/turn               (no ring)
MPRegen 0.11/turn               (no ring)

@: no status effects
A: fangs 1, strong nose, distributed training
a: Renounce Religion


You were on level 5 of the Dungeon.
You worshipped Ashenzari.
Ashenzari was noncommittal.
You visited 1 branch of the dungeon, and saw 5 of its levels.

You collected 215 gold pieces.

Inventory:

Hand Weapons
 a - a +0 rapier
 v - a +2 dagger of flaming (weapon)
Missiles
 d - 2 throwing nets (quivered)
 e - a javelin
Armour
 b - a +0 leather armour
 c - a +0 helmet (worn)
 j - a +0 chain mail (worn)
 w - a +0 pair of boots (worn)
Wands
 y - a wand of digging (9)
Scrolls
 g - 4 scrolls of teleportation {unknown}
 i - a scroll of noise {unknown}
 k - a scroll of enchant armour {unknown}
 l - a scroll of brand weapon {unknown}
 n - a scroll of immolation {unknown}
 r - a scroll of vulnerability {unknown}
 s - 4 scrolls of identify {unknown}
 t - a scroll of magic mapping {unknown}
 x - a scroll of blinking {unknown}
 A - a scroll of amnesia {unknown}
Potions
 f - 2 potions of might {unknown}
 h - 5 potions of curing {unknown}
 m - a potion of magic {unknown}
 o - 2 potions of heal wounds {unknown}
 p - a potion of lignification {unknown}
 q - 3 potions of mutation {unknown}
 u - a potion of brilliance {unknown}
 z - a potion of invisibility {unknown}
 B - a potion of degeneration {unknown}


   Skills:
 + Level 5.0 Fighting
 + Level 6.8 Short Blades
 + Level 2.0 Long Blades
 + Level 2.0 Axes
 + Level 2.0 Maces & Flails
 + Level 2.0 Polearms
 + Level 2.0 Staves
 + Level 2.0 Slings
 + Level 2.0 Bows
 + Level 2.0 Crossbows
 + Level 5.0 Throwing
 + Level 2.0 Armour
 + Level 6.8 Dodging
 + Level 2.0 Stealth
 + Level 2.0 Shields
 + Level 2.0 Unarmed Combat
 + Level 2.0 Spellcasting
 + Level 1.5 Conjurations
 + Level 1.5 Hexes
 + Level 1.5 Summonings
 + Level 1.5 Necromancy
 + Level 1.5 Translocations
 + Level 1.5 Transmutations
 + Level 1.5 Fire Magic
 + Level 1.5 Ice Magic
 + Level 1.5 Air Magic
 + Level 1.5 Earth Magic
 + Level 1.5 Poison Magic
 + Level 2.2 Invocations
 + Level 2.0 Evocations


You had 9 spell levels left.
You didn't know any spells.
Your spell library contained the following spells:

 Spells                   Type           Power      Damage    Failure   Level
 Summon Small Mammal      Summ           12%        N/A       99%         1
 Call Canine Familiar     Summ           3%         N/A       100%        3
 Summon Guardian Golem    Hex/Summ       3%         N/A       100%        3
 Airstrike                Air            1%         N/A       100%        4
 Summon Lightning Spire   Summ/Air       3%         N/A       100%        4
 Lightning Bolt           Conj/Air       1%         1d12      100%        5


Dungeon Overview and Level Annotations

Branches:
Dungeon (5/15)
 Temple: D:4-7

Altars:
Ashenzari
Dithmenos
Hepliaklqana
Trog
The Shining One

Shops:
D:4 (=(

Annotations:
D:5 Edmund


Innate Abilities, Weirdness & Mutations

You have very sharp teeth.
Your uncanny sense of smell can sniff out nearby items.
Your experience applies equally to all skills.


Message History

Your Stealth skill increases to level 2!
Your Shields skill increases to level 2!
Your Unarmed Combat skill increases to level 2!
Your Spellcasting skill increases to level 2!
Your Evocations skill increases to level 2!
There is a stone staircase leading down here.
You climb downwards.
Level annotation: Edmund The white imp shouts!
Edmund hits you with a +2 flail of holy wrath!
The gnoll hits you with a +0 flail.
There is a stone staircase leading up, spattered with blood here.
You barely miss Edmund. Edmund barely misses you.
The gnoll hits you with a +0 flail.
You hit Edmund. You burn Edmund.
Edmund is lightly wounded.
Edmund hits you with a +2 flail of holy wrath!
The gnoll hits you with a +0 flail.
You are too injured to fight recklessly!
You are too injured to fight recklessly!
You are too injured to fight recklessly!
You are too injured to fight recklessly!
You are too injured to fight recklessly!
You hit the gnoll. You burn the gnoll.
The gnoll is moderately wounded.
An adder comes into view.
The adder hisses angrily.
You hit the gnoll. You burn the gnoll. You punch the gnoll.
The gnoll is severely wounded.
Something shouts, "Embrace submission, thou peaked fat-kidneyed prigger-of-prances!"
You hear a shout!
Edmund hits you with a +2 flail of holy wrath!
* * * LOW HITPOINT WARNING * * *
The gnoll hits you but does no damage.
Magic restored.
The gnoll barely misses you. The white imp gestures at you.
The puff of frost hits you.
* * * LOW HITPOINT WARNING * * *
Edmund hits you with a +2 flail of holy wrath!
You die...

..... . .... # .
... #.###. #..##
#.[... ##....
....##...#
...#.g# #†#@# ##
#.@.# ....#...#
# #....5####....
.....##.........
.....#
#.##...... ....#
#S. ..... ....
..5. @... ...
#....# ..#


You could see Edmund, a gnoll, an adder and 2 white imps.

Vanquished Creatures
  A black bear (D:3)
  2 hounds
  A jelly (D:4)
  An orc wizard (D:3)
  5 adders
  4 worms
  4 dart slugs
  2 orcs (D:3)
  10 ball pythons
  3 endoplasms
  A giant cockroach (D:2)
  8 goblins
  5 hobgoblins
  5 quokkas
  4 bats
  5 frilled lizards
  6 kobolds
  4 rats
71 creatures vanquished.

Vanquished Creatures (others)
  3 plants (D:2)
3 creatures vanquished.

Grand Total: 74 creatures vanquished

Notes
Turn   | Place    | Note
-------+----------+-------------------------------------------
     0 | D:1      | Juicyj the Gnoll Gladiator began the quest for the Orb.
     0 | D:1      | Reached XP level 1. HP: 20/20 MP: 1/1
   180 | D:1      | Reached XP level 2. HP: 20/26 MP: 2/2
   649 | D:1      | Reached XP level 3. HP: 24/31 MP: 3/3
   928 | D:2      | Reached skill level 1 in Invocations
  1049 | D:2      | Reached skill level 1 in Long Blades
  1049 | D:2      | Reached skill level 1 in Axes
  1049 | D:2      | Reached skill level 1 in Maces & Flails
  1049 | D:2      | Reached skill level 1 in Polearms
  1049 | D:2      | Reached skill level 1 in Staves
  1049 | D:2      | Reached skill level 1 in Slings
  1049 | D:2      | Reached skill level 1 in Bows
  1049 | D:2      | Reached skill level 1 in Crossbows
  1049 | D:2      | Reached skill level 1 in Armour
  1049 | D:2      | Reached skill level 1 in Stealth
  1049 | D:2      | Reached skill level 1 in Shields
  1049 | D:2      | Reached skill level 1 in Unarmed Combat
  1049 | D:2      | Reached skill level 1 in Spellcasting
  1049 | D:2      | Reached skill level 1 in Evocations
  1057 | D:2      | Reached XP level 4. HP: 37/38 MP: 5/5
  1532 | D:2      | Found a faded altar of an unknown god.
  1584 | D:3      | Reached skill level 1 in Conjurations
  1584 | D:3      | Reached skill level 1 in Hexes
  1584 | D:3      | Reached skill level 1 in Summonings
  1584 | D:3      | Reached skill level 1 in Necromancy
  1584 | D:3      | Reached skill level 1 in Translocations
  1584 | D:3      | Reached skill level 1 in Transmutations
  1584 | D:3      | Reached skill level 1 in Fire Magic
  1584 | D:3      | Reached skill level 1 in Ice Magic
  1584 | D:3      | Reached skill level 1 in Air Magic
  1584 | D:3      | Reached skill level 1 in Earth Magic
  1584 | D:3      | Reached skill level 1 in Poison Magic
  1728 | D:3      | Reached XP level 5. HP: 29/43 MP: 5/7
  1916 | D:3      | Noticed a black bear
  1935 | D:3      | Killed a black bear
  1991 | D:3      | Reached XP level 6. HP: 50/50 MP: 8/8
  2211 | D:4      | Found Liofeuk's Weapon Boutique.
  2553 | D:4      | Found a broken altar of Ashenzari.
  2560 | D:4      | Found a shadowy altar of Dithmenos.
  2562 | D:4      | Became a worshipper of Ashenzari the Shackled
  2565 | D:4      | Found a bloodstained altar of Trog.
  2567 | D:4      | Found a hazy altar of Hepliaklqana.
  2580 | D:4      | Found a glowing golden altar of the Shining One.
  2633 | D:4      | Found Cyupno's Jewellery Emporium.
  2690 | D:4      | Found Vifepp's Weapon Boutique.
  2711 | D:5      | Entered Level 5 of the Dungeon
  2723 | D:5      | Reached skill level 5 in Fighting
  2723 | D:5      | Reached skill level 5 in Throwing
  2738 | D:5      | Noticed Edmund
  2766 | D:5      | Slain by Edmund

Illustrated notes

Levels and vault maps discovered:
D:1:      shiori_shiawase, layout_basic
D:2:      layout_rooms, chequers_ecumenical_altar_grove, serial_forest,
          infiniplex_forest_pool, infiniplex_forest_clump_long,
          infiniplex_forest_join, infiniplex_forest_lined_corner,
          infiniplex_forest_clump_medium, infiniplex_forest_straight_3
D:3:      layout_basic
D:4:      layout_rooms, nicolae_overflow_hallway_of_the_gods, serial_shops,
          nicolae_shop_trees, nicolae_shop_hallway_plus,
          nicolae_shop_bloodbath_and_beyond, bh_walls_and_bars
D:5:      layout_cave_pools, minmay_temple_entry_sparse_star,
          chequers_big_river, nicolae_figureground_pulse, uniq_edmund

Skill      XL: |  1  2  3  4  5  6 |
---------------+-------------------+-----
Invocations    | 1 2 |  2.2
Long Blades    | 1 2 |  2.0
Axes           | 1 2 |  2.0
Maces & Flails | 1 2 |  2.0
Polearms       | 1 2 |  2.0
Staves         | 1 2 |  2.0
Slings         | 1 2 |  2.0
Bows           | 1 2 |  2.0
Crossbows      | 1 2 |  2.0
Armour         | 1 2 |  2.0
Stealth        | 1 2 |  2.0
Shields        | 1 2 |  2.0
Unarmed Combat | 1 2 |  2.0
Spellcasting   | 1 2 |  2.0
Evocations     | 1 2 |  2.0
Conjurations   | 1 |  1.5
Hexes          | 1 |  1.5
Summonings     | 1 |  1.5
Necromancy     | 1 |  1.5
Translocations | 1 |  1.5
Transmutations | 1 |  1.5
Fire Magic     | 1 |  1.5
Ice Magic      | 1 |  1.5
Air Magic      | 1 |  1.5
Earth Magic    | 1 |  1.5
Poison Magic   | 1 |  1.5
Fighting       | 5 |  5.0
Throwing       | 5 |  5.0
Short Blades   | |  6.8
Dodging        | |  6.8

Action                   |  1- 3 |  4- 6 || total
-------------------------+-------+-------++-------
Melee: Rapier            |   101 |    57 ||   158
       Bite              |     9 |    16 ||    25
       Punch             |     1 |     5 ||     6
       Dagger            |       |    82 ||    82
Throw: Throwing net      |       |     3 ||     3
 Stab: Held in net/web   |       |     1 ||     1
Armor: Leather armour    |     6 |       ||     6
       Chain mail        |    39 |    51 ||    90
Dodge: Dodged            |    61 |    32 ||    93

Table legend: (Time is in decaauts)
 A = Elapsed time spent in this place.
 B = Non-inter-level travel time spent in this place.
 C = Inter-level travel time spent in this place.
 D = Time resting spent in this place.
 E = Time spent auto-exploring this place.
 F = Levels seen in this place.
 G = Mean time per level.
                   A        B        C        D        E       F      G
               +--------+--------+--------+--------+--------+-----+--------+
         Total |   2720 |   2607 |    113 |      0 |   2053 |   5 |  544.0 |
       Dungeon |   2720 |   2607 |    113 |      0 |   2053 |   5 |  544.0 |
               +--------+--------+--------+--------+--------+-----+--------+

Top non-repeatable levels by time:
     D:1: 845 daAuts
     D:2: 718 daAuts
     D:3: 614 daAuts
     D:4: 501 daAuts
     D:5: 41 daAuts
